Map: El Dorado

Players

gunguin - Winner!

  • Race: Protoss Protoss
  • Spawn Location: 5:00

WeAreLegion

  • Race: Terran Terran
  • League: Gold
  • Spawn Location: 7:00

VOD

Have the link to the VOD?

Description

Time

  • Played on: Dec. 18, 2024, 12:57 a.m.
  • Length: 8:52
Show
View Real Time Build Order
Export as new Build Order

gunguin Protoss - Winner!

Build Orders: 1 Gate Expand, Blink Stalkers 

Get SALT Encoding   

  12  0:00  Probe  
  13  0:12  Probe  
  14  0:20  Pylon, Probe  
  15  0:36  Probe  
  16  0:43  Gateway  
  16  0:46  Assimilator  
  16  0:48  Probe  
  17  1:00  Probe  
  18  1:12  Probe  
  19  1:24  Nexus  
  19  1:28  Assimilator  
  19  1:41  Cybernetics Core  
  19  1:43  Probe  
  20  1:52  Zealot  
  22  2:13  Gateway, Warp Gate  
  22  2:21  Twilight Council  
  22  2:32  Stalker  
  24  2:38  Pylon  
  24  2:47  Probe  
  24  2:49  Probe  
  26  2:59  Probe  
  26  3:01  Probe  
  28  3:09  Forge  
  28  3:10  Stalker  
  28  3:11  Probe  
  29  3:14  Probe  
  32  3:24  Blink  
  32  3:25  Probe  
  33  3:36  Protoss Ground Weapons Level 1  
  33  3:37  Probe  
  34  3:49  Probe  
  35  4:21  Assimilator  
  35  4:26  Stalker x2  
  39  4:43  Gateway  
  39  4:44  Gateway  
  39  4:45  Gateway  
  39  4:48  Gateway  
  39  4:51  Gateway  
  39  4:57  Pylon  
  39  5:00  Pylon  
  39  5:05  Stalker  
  39  5:06  Stalker  
  37  5:27  Protoss Ground Armor Level 1, Probe  
  38  5:39  Probe  
  38  5:41  Stalker x4  
  47  5:51  Probe  
  48  6:10  Stalker  
  40  6:48  Stalker x3  
  40  6:49  Stalker  
  48  7:05  Probe  
  45  8:07  Stalker x4  
  45  8:08  Stalker x3  
  45  8:09  Probe  
  60  8:21  Probe  
  61  8:33  Probe  
Show
View Real Time Build Order
Export as new Build Order

WeAreLegion Terran 

Build Orders: Reaper Expand 

Get SALT Encoding   

  12  0:00  SCV  
  13  0:12  SCV  
  14  0:18  Supply Depot  
  14  0:25  SCV  
  15  0:40  SCV  
  15  0:42  Barracks  
  16  0:52  SCV, Refinery  
  17  1:04  SCV  
  18  1:16  SCV  
  19  1:29  Orbital Command  
  19  1:37  Reaper  
  20  1:46  Command Center  
  20  1:55  Supply Depot  
  20  2:01  SCV  
  21  2:14  Factory  
  21  2:17  SCV  
  21  2:22  Refinery  
  22  2:29  SCV  
  23  2:36  Barracks Reactor  
  23  2:42  SCV  
  24  2:44  Supply Depot  
  24  2:54  SCV  
  25  2:59  Starport  
  25  3:01  Hellion  
  25  3:04  Orbital Command  
  27  3:06  SCV  
  28  3:12  Marine  
  28  3:13  Marine  
  28  3:18  SCV  
  31  3:30  Marine, Factory Tech Lab  
  31  3:31  Marine  
  31  3:32  SCV x2  
  35  3:42  Medivac  
  35  3:44  SCV  
  35  3:45  SCV  
  39  3:48  Marine  
  39  3:50  Supply Depot  
  40  3:56  Siege Tank, SCV  
  40  3:57  SCV  
  45  4:07  Marine  
  45  4:09  SCV x2  
  48  4:16  Starport Tech Lab  
  48  4:21  SCV  
  49  4:28  Marine x2  
  49  4:29  Siege Tank  
  54  4:36  SCV x2  
  56  4:44  Barracks x2  
  56  4:46  Marine x2  
  56  4:48  SCV x2  
  56  4:49  Engineering Bay  
  56  4:51  Viking  
  62  5:00  Interference Matrix  
  62  5:11  Supply Depot  
  62  5:14  SCV x2, Marine x2, Siege Tank  
  62  5:16  Supply Depot  
  69  5:26  SCV x2  
  69  5:28  Raven  
  64  5:32  Marine x2  
  66  5:38  SCV x2  
  66  5:41  Barracks Tech Lab, Barracks Reactor  
  66  5:42  Command Center  
  68  5:50  SCV  
  69  5:58  SCV  
  69  6:00  Marine x2  
  69  6:02  SCV, Marauder  
  69  6:04  Supply Depot, Factory Reactor  
  75  6:10  SCV  
  76  6:18  Missile Turret  
  76  6:22  Missile Turret  
  76  6:24  Refinery  
  76  6:25  Refinery  
  67  6:33  Missile Turret  
  64  6:43  Marine x3  
  64  6:44  Marine  
  64  6:45  Widow Mine  
  71  6:47  Widow Mine  
  71  6:57  Barracks  
  71  7:00  Barracks  
  71  7:01  Marine  
  71  7:02  Marauder x2  
  71  7:03  SCV x2  
  71  7:04  Starport Reactor  
  71  7:07  Widow Mine  
  80  7:15  SCV x2  
  58  7:51  Marine x4  
  58  7:52  Marine  
  58  7:53  Widow Mine x2  
  65  8:09  Marine x3  
  65  8:10  Marauder x2  
  72  8:14  Widow Mine  
  67  8:27  Marine x3  
  67  8:31  Marine  
Tags
 
Composition
Blink Stalkers
League
Gold
Matchup
PvT
Replay Pack
December
Spawn Locations
Close Positions
Add a new tag
Caveats
  • Supply blocks, unpowered buildings, or Contaminate may cause inaccurate times.
  • Supply counts are checked every 10 seconds.